 Dungeon Crawl Stone Soup version 0.32-a0-898-g7811c86cf0 (webtiles) character file.

Game seed: 2410820415242055719

129653 Foxy the Fighter (level 17, -3/139 HPs)
             Began as a Coglin Berserker on Apr 4, 2024.
             Was a High Priest of Trog.
             Slain by a spark wasp (4 damage)
             ... on level 1 of the Depths on Apr 5, 2024.
             The game lasted 01:13:42 (26639 turns).

Foxy the Fighter (Coglin Berserker)                Turns: 26639, Time: 01:13:44

Health: -3/139     AC: 30    Str: 21    XL:     17   Next: 6%
Magic:  5/5        EV: 15    Int:  8    God:    Trog [*****.]
Gold:   612        SH:  0    Dex: 20    Spells: 16/16 levels left

rFire   + + +        Q - +7 trident of the Undead {antimagic, rCorr}
rCold   . . .        P - +10 scimitar of Regicide {spect, rElec rF+ Dex+3}
rNeg    . . .        t - +11 chain mail "Ruthet" {Rampage rPois rF+}
rPois   +            Z - +1 helmet
rElec   +            m - +2 cloak
rCorr   +            H - +0 pair of gloves of Failure {rElec}
SInv    .            R - +1 pair of boots
Will    +....        (amulet unavailable) Stlth
                     (ring unavailable)
HPRegen 0.43/turn    (ring unavailable)
MPRegen 0.09/turn    W - supergenerator L-50 {AutoDazzle, rF+ Slay+3}

%: rampage
@: on berserk cooldown, slowed, studying 2 skills, very slow
A: off-hand wielding, slow wielding, warmup strikes, no jewellery, low MP 1
a: Renounce Religion, Berserk, Trog's Hand, Brothers in Arms


You were on level 1 of the Depths.
You worshipped Trog.
Trog was extremely pleased with you.
You visited 4 branches of the dungeon, and saw 24 of its levels.
You also visited: Bailey, Gauntlet and Volcano.

You collected 2817 gold pieces.
You spent 2205 gold pieces at shops.

Inventory:

Hand Weapons
 c - a +3 heavy demon trident
 P - the +10 scimitar of Regicide (offhand) {spect, rElec rF+ Dex+3}
   (You took it off a minotaur in a Gauntlet)

   Dex+3:     It affects your dexterity (+3).
   rF+:       It protects you from fire.
   rElec:     It insulates you from electricity.
 Q - the +7 trident of the Undead (weapon) {antimagic, rCorr}
   (Trog gifted it to you on level 2 of the Lair of Beasts)

   rCorr:     It protects you from acid and corrosion.
Missiles
 K - 23 poisoned darts (quivered)
 L - 2 curare-tipped darts
 S - 3 silver javelins
Armour
 a - the scarf "Huoseojo" {+Inv, MP-9 Int+4 Dex+2}
   (You found it in a Gauntlet)

   Int+4:     It affects your intelligence (+4).
   Dex+2:     It affects your dexterity (+2).
   MP-9:      It affects your magic capacity (-9).
 m - a +2 cloak (worn)
 t - the +11 chain mail "Ruthet" (worn) {Rampage rPois rF+}
   (You bought it in a shop on level 2 of the Orcish Mines)

   rF+:       It protects you from fire.
   rPois:     It protects you from poison.
   Rampage:   It bestows one free step when moving towards enemies.
 H - the +0 pair of gloves of Failure (worn) {rElec}
   (You found it in a Gauntlet)

   rElec:     It insulates you from electricity.
 R - a +1 pair of boots (worn)
 Z - a +1 helmet (worn)
Gizmo
 W - a supergenerator L-50 (installed) {AutoDazzle, rF+ Slay+3}
   (You invented it yourself on level 4 of the Lair of Beasts)

   [supergenerator L-50]

   AutoDazzle: It sometimes fires a blinding ray at enemies whose attacks you
   dodge.
   Slay+3:    It affects your accuracy & damage with ranged weapons and melee
   (+3).
   rF+:       It protects you from fire.
Wands
 b - a wand of warping (14)
 l - a wand of flame (38)
 n - a wand of mindburst (15)
 u - a wand of digging (12)
 y - a wand of light (13)
 G - a wand of paralysis (2)
Scrolls
 d - 5 scrolls of enchant armour
 g - 7 scrolls of poison
 h - 4 scrolls of immolation
 q - a scroll of torment
 r - 2 scrolls of enchant weapon
 v - 3 scrolls of blinking
 z - 8 scrolls of teleportation
 A - 2 scrolls of silence
 E - 2 scrolls of vulnerability
 I - 2 scrolls of fog
Potions
 f - 7 potions of attraction
 i - a potion of cancellation
 j - 2 potions of heal wounds
 k - a potion of berserk rage
 o - 2 potions of invisibility
 p - 3 potions of might
 s - 9 potions of curing
 w - 3 potions of haste {unknown}
 x - 2 potions of lignification
 B - 2 potions of enlightenment {unknown}
 F - a potion of mutation
 M - 2 potions of magic
 Y - a potion of resistance
Miscellaneous
 T - a lightning rod (4/4)
 U - a sack of spiders


   Skills:
 + Level 14.2 Fighting
 - Level 14.0 Long Blades
 - Level 14.0 Polearms
 * Level 6.3 Armour
 + Level 12.9 Dodging
 * Level 13.9 Evocations


You had 16 spell levels left.
You didn't know any spells.
Your spell library was empty.

Dungeon Overview and Level Annotations

Branches:
Dungeon (15/15)            Temple (0/1) D:5            Lair (5/5) D:9
 Shoals (0/4) Lair:3       Spider (0/4) Lair:2        Slime (0/5) Lair:4
    Orc (2/2) D:9             Elf (0/3) Orc:2        Vaults (0/5) D:13
 Depths (2/4) D:15         Bailey (visited)         Volcano (visited)
Gauntlet (visited)

Altars:
Ashenzari
Cheibriados
Elyvilon
Fedhas
Gozag
Kikubaaqudgha
Makhleb
Nemelex Xobeh
Qazlal
Trog
Uskayaw
Vehumet
Yredelemnul
Zin
Beogh
Jiyva

Shops:
D:9 :   Orc:2 [(=[!*(([

Portals:
Pandemonium: Depths:1

Annotations:
D:12 exclusion: downstairs


Innate Abilities, Weirdness & Mutations

You can wield a second weapon in your off-hand.
It takes a long time for you to wield or remove held weapons.
Your first few attacks do less damage.
You cannot equip rings or amulets.
Your magical capacity is low. (-10% MP)


Message History

The spark wasp completely resists.
The living lightning hits you! You resist.
The spark wasp blinks!
The spark wasp bursts into living lightning!
The living lightning hits you but does no damage.
The spark wasp blinks!
The spark wasp closely misses you.
There is a stone staircase leading down here.
You puncture the spark wasp with the +7 trident of the Undead!
The spark wasp is lightly wounded.
You closely miss the spark wasp with the +10 scimitar of Regicide.
The spark wasp barely misses you. The spark wasp stings you.
The spark wasp shocks you. You resist. The spark wasp stings you!!
The spark wasp shocks you. You resist.
You can't go up here!
Aiming: Paralyse
Press: ? - help, Shift-Dir - straight line, f - spark wasp
Aim: a spark wasp (chance to affect: 61%)
The spark wasp suddenly stops moving!
Your +10 scimitar of Regicide {spect, rElec rF+ Dex+3} disappears.
The spark wasp barely misses you.
The spark wasp bursts into living lightning!
The living lightning hits the spark wasp.
The spark wasp completely resists.
The living lightning misses you.
The living lightning hits the spark wasp.
The spark wasp completely resists.
The spark wasp blinks!
The spark wasp stings you! The spark wasp shocks you. You resist.
The spark wasp stings you but does no damage.
Aiming: Paralyse
Press: ? - help, Shift-Dir - straight line, f - spark wasp, p - spark wasp
Aim: a spark wasp (chance to affect: 61%)
The spark wasp resists with significant effort.
The spark wasp stings you but does no damage. x2
The spark wasp misses you. The spark wasp stings you!
The spark wasp shocks you. You resist. The spark wasp stings you!!
* * * LOW HITPOINT WARNING * * *
The spark wasp shocks you. You resist.
* * * LOW HITPOINT WARNING * * *
The spark wasp stings you!
* * * LOW HITPOINT WARNING * * *
The spark wasp shocks you. You resist.
You die...

~~~~~~~~~~~
#.......^..
#.........+
#......ยง..#
#.........#
#.........#
#...y......
#.y@.......
#.yy.......
#..........
#..........
#..........
#..........
#..........
#..........


You could see 4 spark wasps.

Vanquished Creatures
  A lich (Depths:1)
  Agnes (D:14)
  The ghost of yetimobile the Unseen, a journeyman OpEE of Dithmenos (Lair:5)
  An orc warlord (Orc:2)
  3 very ugly things (Depths:2)
  2 stone giants
  A dire elephant (Lair:5)
  A minotaur (Gauntlet)
  A lorocyproca (Depths:1)
  A green death (Depths:1)
  Snorg (D:11)
  A vault guard (D:13)
  A rakshasa (Depths:1)
  Erolcha (D:12)
  7 hydras
  2 catoblepae
  3 boulder beetles
  7 two-headed ogres
  A death knight (D:14)
  An ironbound frostheart (D:13)
  4 centaur warriors
  2 hell hogs (Lair:5)
  A deep troll earth mage (D:15)
  6 death yaks
  2 orc high priests
  2 sun demons (D:15)
  Sonja (D:10)
  3 soul eaters (D:15)
  8 skeletal warriors (D:13)
  A fire crab (Lair:5)
  5 sixfirhies
  A deep troll (Orc:1)
  A glowing orange brain (Gauntlet)
  2 obsidian bats (Orc:2)
  A deep elf pyromancer (D:14)
  4 orc knights (Orc:2)
  An oklob plant (Lair:4)
  20 ugly things
  Maurice (Orc:1)
  5 orc sorcerers
  3 manticores
  10 cyclopes
  18 elephants (Lair:5)
  3 torpor snails
  A rust devil (D:15)
  A smoke demon (Volcano)
  7 black mambas
  4 kobold blastminers
  4 gargoyles
  4 molten gargoyles
  11 cane toads
  2 unseen horror zombies (D:9)
  An orange demon (D:15)
  5 yaktaurs (D:15)
  A kobold demonologist (D:13)
  3 tengu conjurers
  4 unseen horrors
  7 rime drakes
  9 komodo dragons
  An efreet (D:13)
  2 ice devils (D:15)
  2 red devils (D:15)
  2 polar bears
  A hornet (D:9)
  3 hellwings (D:15)
  Grinder (D:3)
  6 trolls
  A wolf spider simulacrum (D:10)
  A glass eye (Depths:1)
  17 blink frogs (Lair:5)
  Prince Ribbit (D:8)
  9 dream sheep
  9 slime creatures
  4 wraiths
  4 shadows
  43 yaks
  3 ynoxinuls
  8 wyverns
  6 water elementals
  2 culicivoras (Lair:2)
  6 basilisks
  2 fire bats (Volcano)
  A human (D:13)
  9 vampire mosquitoes
  2 neqoxecs (D:15)
  A chaos spawn (D:15)
  2 steam dragons
  6 wargs (Orc:2)
  2 swamp worms (Gauntlet)
  4 acid dragons
  16 water moccasins
  6 hell hounds
  30 orc warriors
  2 ice beasts (D:6)
  2 sky beasts
  A black bear (Lair:1)
  6 ogres
  13 centaurs
  14 wolves
  A phantom (D:5)
  A kobold brigand (D:10)
  Blork the orc (D:5)
  10 bullfrogs
  3 gnoll sergeants
  2 scorpions
  6 wights
  4 killer bees (D:10)
  3 electric eels
  9 howler monkeys
  6 lava snakes
  5 hounds
  19 orc priests
  2 jellies (Lair:4)
  29 orc wizards
  Ijyb (D:5)
  3 iguanas
  Natasha (thrice) (D:3)
  10 hell rats (Lair:3)
  Terence (D:3)
  13 gnolls
  4 adders
  A white imp (D:6)
  6 ufetubi
  2 ribbon worms
  2 dart slugs
  116 orcs
  5 endoplasms
  8 goblins
  4 hobgoblins
  9 jackals
  9 kobolds
  3 quokkas
  5 ball pythons
  7 bats
  3 frilled lizards
  5 rats
779 creatures vanquished.

Vanquished Creatures (collateral kills)
  Saint Roka (Orc:2)
  3 trolls (Orc:2)
  A warg (Orc:2)
  3 orc warriors (Orc:2)
  An ogre (Orc:2)
  2 orc priests (Orc:2)
  4 orc wizards (Orc:2)
  8 orcs (Orc:2)
23 creatures vanquished.

Vanquished Creatures (others)
  An orc wizard (D:8)
  A spectral weapon (Orc:2)
2 creatures vanquished.

Grand Total: 804 creatures vanquished

Notes
Turn   | Place    | Note
-------+----------+-------------------------------------------
     0 | D:1      | Foxy the Coglin Berserker began the quest for the Orb.
     0 | D:1      | Reached XP level 1. HP: 18/18 MP: 1/1
   105 | D:1      | Reached XP level 2. HP: 9/24 MP: 2/2
   308 | D:1      | Found a faded altar of an unknown god.
   372 | D:1      | Reached XP level 3. HP: 26/29 MP: 3/3
   843 | D:2      | Reached ** piety under Trog
  1043 | D:2      | Identified the +5 whip of Woe {freeze, *Rage rC- rN+++
                  | Int+4}
  1363 | D:3      | Noticed Grinder
  1386 | D:3      | Reached XP level 4. HP: 33/35 MP: 4/4
  1429 | D:3      | Noticed Natasha
  1441 | D:3      | Killed Natasha
  1442 | D:3      | Reached skill level 1 in Evocations
  1654 | D:3      | Reached XP level 5. HP: 37/41 MP: 5/5
  1709 | D:3      | Found a hide-covered altar of Uskayaw.
  1765 | D:3      | Noticed a water moccasin
  1772 | D:3      | Killed a water moccasin
  1773 | D:3      | Reached XP level 6. HP: 48/48 MP: 6/6
  1882 | D:3      | Killed Grinder
  1946 | D:3      | Reached XP level 7. HP: 29/54 MP: 7/7
  2180 | D:3      | Noticed Natasha
  2194 | D:3      | Killed Natasha
  2195 | D:3      | Reached skill level 5 in Polearms
  2353 | D:3      | Noticed Terence
  2384 | D:3      | Killed Terence
  2570 | D:3      | Noticed Natasha
  2581 | D:3      | Killed Natasha
  3031 | D:4      | Found a broken altar of Ashenzari.
  3032 | D:4      | You fall into a shaft and drop 3 floors!
  3042 | D:7      | Found a flagged portal.
  3088 | Bailey   | Entered a bailey
  3629 | Bailey   | Reached skill level 5 in Fighting
  3629 | Bailey   | Reached XP level 8. HP: 62/62 MP: 8/8
  3798 | Bailey   | Reached skill level 5 in Evocations
  4411 | Bailey   | Reached XP level 9. HP: 45/69 MP: 9/9
  4633 | Bailey   | Reached skill level 5 in Dodging
  4722 | Bailey   | Identified the +7 bardiche of Aluso {holy, rN+ Int+3 Dex+3}
  5312 | D:6      | Found an opulent altar of Gozag.
  5350 | D:5      | Entered Level 5 of the Dungeon
  5474 | D:5      | Reached *** piety under Trog
  5566 | D:5      | Found a blossoming altar of Fedhas.
  5701 | D:4      | Found a glowing silver altar of Zin.
  5801 | D:4      | Identified the +8 chain mail of Oheso Lyi {rF- rCorr Int+5}
  5936 | D:4      | Found a snail-covered altar of Cheibriados.
  6550 | D:5      | Found a staircase to the Ecumenical Temple.
  6571 | D:5      | Noticed Ijyb
  6579 | D:5      | Killed Ijyb
  6681 | D:5      | Found an ancient bone altar of Kikubaaqudgha.
  6841 | D:5      | Noticed Blork the orc
  6845 | D:5      | Killed Blork the orc
  6898 | D:6      | Reached XP level 10. HP: 62/77 MP: 10/10
  7159 | D:6      | Found a bloodstained altar of Trog.
  8224 | D:8      | Noticed Prince Ribbit
  8230 | D:8      | Killed Prince Ribbit
  8230 | D:8      | Reached **** piety under Trog
  8519 | D:8      | Found a white marble altar of Elyvilon.
  8799 | D:9      | Found Doff's Vocational Training.
  8887 | D:9      | Found a staircase to the Lair.
  8893 | D:9      | Paralysed by a hornet for 2 turns
  8978 | D:9      | Found a radiant altar of Vehumet.
  9047 | D:9      | Noticed a gargoyle
  9063 | D:9      | Killed a gargoyle
  9264 | D:9      | Found a burning altar of Makhleb.
  9273 | D:9      | Found a staircase to the Orcish Mines.
  9483 | D:9      | Found a sparkling altar of Nemelex Xobeh.
  9576 | D:9      | Reached skill level 10 in Polearms
  9576 | D:9      | Reached XP level 11. HP: 84/86 MP: 11/11
  9597 | D:9      | Found a basalt altar of Yredelemnul.
  9756 | D:10     | Entered Level 10 of the Dungeon
  9779 | D:10     | Noticed a two-headed ogre
  9787 | D:10     | Killed a two-headed ogre
 10039 | D:10     | Noticed Sonja
 10050 | D:10     | Killed Sonja
 10073 | D:10     | Noticed a two-headed ogre
 10142 | D:10     | Killed a two-headed ogre
 10296 | D:10     | Reached skill level 10 in Evocations
 10644 | D:11     | Reached ***** piety under Trog
 10992 | D:11     | Noticed a manticore
 11005 | D:11     | Killed a manticore
 11154 | D:11     | Noticed a boulder beetle
 11164 | D:11     | Killed a boulder beetle
 11290 | D:11     | Noticed Snorg
 11300 | D:11     | Killed Snorg
 11301 | D:11     | Reached XP level 12. HP: 71/95 MP: 12/12
 12019 | D:12     | Noticed a two-headed ogre
 12033 | D:12     | Killed a two-headed ogre
 12166 | D:12     | Noticed Erolcha
 12176 | D:12     | Killed Erolcha
 12310 | D:12     | Noticed a boulder beetle
 12331 | D:12     | Killed a boulder beetle
 12332 | D:12     | Reached skill level 10 in Fighting
 12832 | D:13     | Noticed a centaur warrior
 12840 | D:13     | Killed a centaur warrior
 13408 | Lair:1   | Entered Level 1 of the Lair of Beasts
 13556 | Lair:1   | Reached skill level 10 in Dodging
 14387 | Lair:1   | Reached XP level 13. HP: 106/106 MP: 13/13
 14586 | Lair:2   | Identified the +7 trident of the Undead {antimagic, rCorr}
                  | (Trog gifted it to you on level 2 of the Lair of Beasts)
 14586 | Lair:2   | Received a gift from Trog
 15077 | Lair:2   | Found a hole to the Spider Nest.
 16417 | Lair:3   | Found a staircase to the Shoals.
 16811 | Lair:3   | You fall into a shaft and drop 1 floor!
 17016 | Lair:4   | Reached XP level 14. HP: 116/116 MP: 4/14
 17022 | Lair:4   | Reached skill level 5 in Armour
 17046 | Lair:4   | Found a gate leading to a gauntlet.
 17067 | Lair:4   | Identified the +1 ring mail of Mutualism {Harm +Blink
                  | Regen+ Int-4}
 17078 | Gauntlet | Entered a Gauntlet
 17078 | Gauntlet | Found a transporter.
 17078 | Gauntlet | Found a transporter.
 17084 | Gauntlet | Found a transporter.
 17114 | Gauntlet | Found a transporter.
 17114 | Gauntlet | Found a large runed translucent door.
 17115 | Gauntlet | Found a large runed translucent door.
 17117 | Gauntlet | Found a runed translucent gate.
 17118 | Gauntlet | Found a transporter.
 17118 | Gauntlet | Found a transporter.
 17121 | Gauntlet | Found a transporter.
 17135 | Gauntlet | Found a runed translucent gate.
 17135 | Gauntlet | Found a runed translucent gate.
 17137 | Gauntlet | Found a large runed translucent door.
 17138 | Gauntlet | Found a large runed translucent door.
 17146 | Gauntlet | Found a large runed translucent door.
 17146 | Gauntlet | Found a large runed translucent door.
 17147 | Gauntlet | Found a large runed translucent door.
 17148 | Gauntlet | Found a large runed translucent door.
 17148 | Gauntlet | Found a large runed translucent door.
 17148 | Gauntlet | Found a runed translucent door.
 17149 | Gauntlet | Found a large runed translucent door.
 17150 | Gauntlet | Found a runed translucent door.
 17151 | Gauntlet | Found a large runed translucent door.
 17159 | Gauntlet | Found a transporter.
 17162 | Gauntlet | Found a large runed translucent door.
 17162 | Gauntlet | Found a large runed translucent door.
 17163 | Gauntlet | Found a large runed translucent door.
 17164 | Gauntlet | Found a large runed translucent door.
 17166 | Gauntlet | Found a transporter.
 17186 | Gauntlet | Found a transporter.
 17196 | Gauntlet | Found a transporter.
 17242 | Gauntlet | Found a transporter.
 17257 | Gauntlet | Found a transporter.
 17272 | Gauntlet | Found a large runed translucent door.
 17355 | Gauntlet | Found a transporter.
 17365 | Gauntlet | Found a transporter.
 17382 | Gauntlet | Found a transporter.
 17484 | Gauntlet | Identified the scarf "Huoseojo" {+Inv, MP-9 Int+4 Dex+2}
 17539 | Gauntlet | Identified the +0 pair of gloves of Failure {rElec}
 17652 | Gauntlet | Identified the +10 scimitar of Regicide {spect, rElec rF+
                  | Dex+3}
 17662 | Gauntlet | Identified the ring of Yxiph {+Blink Fly Str-4 Int+6 SInv}
 17674 | Lair:4   | Acquired a supergenerator L-50 {AutoDazzle, rF+ Slay+3}
 17817 | Lair:4   | Found a staircase to the Slime Pits.
 17823 | Lair:4   | Found a viscous altar of Jiyva.
 18373 | Lair:5   | Entered Level 5 of the Lair of Beasts
 18415 | Lair:5   | Reached skill level 1 in Long Blades
 18483 | Lair:5   | Received a gift from Trog
 18510 | Lair:5   | Found a runed translucent door.
 18594 | Lair:5   | Reached skill level 5 in Long Blades
 18984 | Lair:5   | Found a dark tunnel.
 19009 | Volcano  | Entered a volcano
 19205 | Volcano  | Found a burning altar of Makhleb.
 19297 | Volcano  | Reached XP level 15. HP: 122/122 MP: 2/15
 19672 | Lair:5   | Noticed yetimobile's ghost (journeyman OpEE)
 19742 | Lair:5   | Reached skill level 10 in Long Blades
 19838 | Lair:5   | Found a large runed translucent door.
 19838 | Lair:5   | Found a large runed translucent door.
 20459 | Lair:5   | Killed yetimobile's ghost
 20906 | D:13     | Received a gift from Trog
 20965 | D:13     | Found a gate to the Vaults.
 21779 | D:14     | Identified the staff "Demonbane" {rN+ Str+4 Necro}
 22072 | D:14     | Noticed Agnes
 22081 | D:14     | Killed Agnes
 22635 | D:15     | Entered Level 15 of the Dungeon
 22742 | D:15     | Reached XP level 16. HP: 110/129 MP: 2/16
 22998 | D:15     | Received a gift from Trog
 23280 | D:15     | Gained mutation: Your magical capacity is low. (-10% MP) [a
                  | neqoxec]
 23437 | D:15     | Found a staircase to the Depths.
 24298 | Orc:1    | Entered Level 1 of the Orcish Mines
 24340 | Orc:1    | Found a roughly hewn altar of Beogh.
 24473 | Orc:1    | Noticed Maurice
 24477 | Orc:1    | Killed Maurice
 24559 | Orc:2    | Entered Level 2 of the Orcish Mines
 24559 | Orc:2    | Found Xuebun's Jewellery Shoppe.
 24599 | Orc:2    | Found a roughly hewn altar of Beogh.
 24603 | Orc:2    | Noticed Saint Roka
 24614 | Orc:2    | Received a gift from Trog
 24626 | Orc:2    | Killed Saint Roka
 24734 | Orc:2    | Found Xeusom's Antique Armour Shop.
 24801 | Orc:2    | Found Enas's Antique Weapon Shoppe.
 24838 | Orc:2    | Found a roughly hewn altar of Beogh.
 24855 | Orc:2    | Found a staircase to the Elven Halls.
 24893 | Orc:2    | Found Xudonal's General Store.
 24893 | Orc:2    | Found Naghapah's Distillery.
 24958 | Orc:2    | Bought a potion of berserk rage for 65 gold pieces
 25094 | Orc:2    | Found a roughly hewn altar of Beogh.
 25095 | Orc:2    | Found Untipp's Weapon Emporium.
 25195 | Orc:2    | Found a roughly hewn altar of Beogh.
 25250 | Orc:2    | Found a roughly hewn altar of Beogh.
 25341 | Orc:2    | Found a roughly hewn altar of Beogh.
 25387 | Orc:2    | Received a gift from Trog
 25483 | Orc:2    | Found Egiuf's Antique Armour Shop.
 25484 | Orc:2    | Found a roughly hewn altar of Beogh.
 25487 | Orc:2    | Found Nentapneyniq's Antique Weapon Boutique.
 25541 | Orc:2    | Found a roughly hewn altar of Beogh.
 25542 | Orc:2    | Found Kosokh's Antique Armour Boutique.
 26009 | Orc:2    | Bought a pair of steaming boots for 304 gold pieces
 26009 | Orc:2    | Identified the +2 pair of boots of the Minstrel {*Corrode
                  | Int+5 Dex+3} (You bought it in a shop on level 2 of the
                  | Orcish Mines)
 26009 | Orc:2    | Bought a runed cloak for 240 gold pieces
 26019 | Orc:2    | Bought a polished chain mail for 304 gold pieces
 26019 | Orc:2    | Identified the +11 chain mail "Ruthet" {Rampage rPois rF+}
                  | (You bought it in a shop on level 2 of the Orcish Mines)
 26068 | Orc:2    | Bought a spiked ring mail for 252 gold pieces
 26068 | Orc:2    | Identified the +1 ring mail of Ihomon {Will- Regen+ MP-9
                  | Dex+8} (You bought it in a shop on level 2 of the Orcish
                  | Mines)
 26121 | D:9      | Bought a manual of Evocations for 1040 gold pieces
 26280 | Depths:1 | Entered Level 1 of the Depths
 26280 | Depths:1 | Noticed a lich
 26285 | Depths:1 | Killed a lich
 26499 | Depths:1 | Found a one-way gate leading to the halls of Pandemonium.
 26551 | Depths:1 | You fall into a shaft and drop 1 floor!
 26564 | Depths:2 | Found a stormy altar of Qazlal.
 26605 | Depths:2 | Reached XP level 17. HP: 139/139 MP: 5/15
 26639 | Depths:1 | HP: 1/139 [spark wasp (17)]
 26639 | Depths:1 | Slain by a spark wasp

Illustrated notes

Levels and vault maps discovered:
D:1:      lemuel_arrival_tunnels, layout_rooms,
          nicolae_ecumenical_snake_handling
D:2:      layout_loops_ring
D:3:      layout_loops_ring, mainiacjoe_overflow_24_doors, st_stairs_10,
          chequers_serial_rivers_large_a, chequers_serial_rivers_micro_a,
          grunt_decor_junction, uniq_terence, uniq_natasha, uniq_grinder
D:4:      layout_basic, ashenzari_conservatory_becter, slow_altar_1,
          kennysheep_mini_moat
D:5:      layout_loops_ring, mainiacjoe_overflow_alcove_2,
          mainiacjoe_overflow_chevrons, temple_pool_b, uniq_ijyb,
          uniq_blork_the_orc
D:6:      layout_rooms, mainiacjoe_overflow_catwalk, nicolae_gozag_seed_capital
D:7:      layout_basic, enter_bailey_5
D:8:      layout_basic, marbit_many_paths, serial_bayou_pond_b,
          uniq_prince_ribbit1
D:9:      layout_gridville, lemuel_zombie_altar_yredelemnul,
          nemelex_spade_bored_becter, vehumet_altar_wand_db,
          nicolae_overflow_crystal_walls, lair_entry_dummy, orc_0_dummy,
          nicolae_shop_vocational
D:10:     layout_irregular_city, kennysheep_decorative_pillar, uniq_sonja
D:11:     layout_loops_ring, uniq_snorg
D:12:     layout_cave_pools, uniq_erolcha
D:13:     nicolae_cairo_tiling_large, layout_basic, hellmonk_vaults_keyhole,
          hangedman_decor_lopped, minmay_misc_feat_alley, minivault_14
D:14:     layout_cave_pods, serial_glass, glass_columns_b, glass_columns_b,
          due_unseen_surprise, minmay_strange_pillars, unseen_surprise_small,
          minmay_strange_pillars, uniq_agnes
D:15:     hellmonk_depths_entry_around_the_bend, layout_basic,
          kennysheep_crisscross, serial_demonic, serial_demonic_b,
          serial_demonic_b, serial_demonic_a, serial_demonic_g,
          serial_demonic_f, serial_demonic_a, serial_demonic_e, serial_demonic_d
Lair:1:   layout_regular_city, beast_lair_carwin_7, infiniplex_staircase_pool,
          lemuel_fruit_tree
Lair:2:   layout_cave_pods, spider_nest_entry_funnel_web, grunt_megastairs_1
Lair:3:   layout_loops_ring, minmay_shoals_entry_beasts,
          hangedman_lair_unloving_vines
Lair:4:   layout_loops_ring, minmay_slime_entry_pillars, gauntlet_entry_generic,
          grunt_forest_small_clearing_treed
Lair:5:   cheibrodos_lair_end_hotspot, layout_regular_city, enter_volcano_4,
          ebering_ghost_inner_flame, minivault_25
Orc:1:    minmay_goldmine, layout_caves, nicolae_orc_rockfall,
          bh_open_orc_temple, uniq_maurice
Orc:2:    grunt_orc_community_town_hall, layout_caves,
          grunt_orc_community_big_house_1, grunt_orc_community_big_house_1,
          grunt_orc_community_house_1, grunt_orc_community_house_3,
          grunt_orc_community_house_2, grunt_orc_community_house_3,
          grunt_orc_community_house_3, grunt_orc_community_house_3,
          serial_shops, shop, nicolae_shop_hallway_plus, shop, shop,
          nicolae_shop_hallway_stairs, mines2_david, uniq_saint_roka
Depths:1: layout_gridville, grunt_hell_entry_dis_mu, serial_shops, shop,
          abyss_entry, rand_demon_pan_entry_7, trog_three_pillars_becter,
          minmay_crystal_box
Depths:2: minmay_expanding_circles, layout_gridlike, hellmouth_3,
          grunt_pan_entry_spiral, minmay_misc_feat_room, grunt_qazlal_sundering,
          minmay_staircase_bubble

Skill      XL: |  1  2  3  4  5  6  7  8  9 10 11 12 13 14 15 16 |
---------------+-------------------------------------------------+-----
Polearms       | 3 4 5 7 8 10 11 12 13 14 | 14.0
Armour         | 2 4 5 6 |  6.3
Dodging        | 2 3 4 5 7 8 10 11 12 | 12.9
Evocations     | 1 2 3 4 5 7 9 10 13 | 13.9
Fighting       | 4 5 6 8 9 11 12 14 | 14.2
Long Blades    | 8 14 | 14.0

Action                     |  1- 3 |  4- 6 |  7- 9 | 10-12 | 13-15 | 16-18 || total
---------------------------+-------+-------+-------+-------+-------+-------++-------
  Melee: Spear             |   100 |    78 |   518 |   595 |   488 |       ||  1779
         Dagger            |    77 |    67 |    60 |       |       |       ||   204
         Trident           |       |       |       |   493 |   818 |   398 ||  1709
         Scimitar          |       |       |       |       |   228 |   320 ||   548
  Throw: Dart              |       |       |       |     4 |       |       ||     4
 Invoke: Berserk           |     1 |     2 |    10 |    10 |    19 |     6 ||    48
         Brothers in Arms  |       |       |       |       |       |     2 ||     2
         Trog's Hand       |       |       |       |       |       |     1 ||     1
Ability: Invent Gizmo      |       |       |       |       |     1 |       ||     1
         Evoke Invisibilit |       |       |       |       |       |     1 ||     1
  Evoke: Wand              |       |     1 |    20 |    12 |    21 |     8 ||    62
         Lightning rod     |       |       |       |       |       |     1 ||     1
         Sack of spiders   |       |       |       |       |       |     1 ||     1
    Use: Scroll            |       |       |     6 |     7 |     9 |     3 ||    25
         Potion            |       |       |     3 |     1 |     2 |       ||     6
   Stab: Sleeping          |     1 |       |     1 |       |     1 |       ||     3
         Paralysed         |       |       |       |    10 |     3 |       ||    13
         Invisible         |       |       |       |       |     3 |    13 ||    16
         Distracted        |       |       |       |       |     4 |     2 ||     6
 Armour: Animal skin       |    52 |    42 |    33 |       |       |       ||   127
         Chain mail        |       |       |   205 |   340 |   275 |    31 ||   851
         Troll leather arm |       |       |       |       |   145 |    97 ||   242
         Skin              |       |       |       |       |     1 |       ||     1
  Dodge: Dodged            |    46 |    37 |   115 |   161 |   315 |   208 ||   882

Table legend: (Time is in decaauts)
 A = Elapsed time spent in this place.
 B = Non-inter-level travel time spent in this place.
 C = Inter-level travel time spent in this place.
 D = Time resting spent in this place.
 E = Time spent auto-exploring this place.
 F = Levels seen in this place.
 G = Mean time per level.
                   A        B        C        D        E       F      G
               +--------+--------+--------+--------+--------+-----+--------+
         Total |  26450 |  24828 |   1622 |   3386 |  15210 |  27 |  979.6 |
       Dungeon |  15426 |  14125 |   1301 |   1857 |   9737 |  15 | 1028.4 |
          Lair |   6000 |   5821 |    179 |    367 |   3850 |   5 | 1200.0 |
  Orcish Mines |   1711 |   1571 |    140 |     47 |   1107 |   2 |  855.5 |
        Depths |    349 |    349 |      0 |     88 |    153 |   2 |  174.5 |
        Bailey |   1895 |   1895 |      0 |    976 |    177 |   1 | 1895.0 |
       Volcano |    473 |    473 |      0 |     16 |    184 |   1 |  473.0 |
      Gauntlet |    594 |    594 |      0 |     33 |      0 |   1 |  594.0 |
               +--------+--------+--------+--------+--------+-----+--------+

Top non-repeatable levels by time:
  Bailey: 1895 daAuts
     D:3: 1653 daAuts
  Lair:5: 1615 daAuts
    D:15: 1535 daAuts
    D:13: 1348 daAuts
  Lair:2: 1327 daAuts
    D:11: 1299 daAuts
  Lair:1: 1183 daAuts
   Orc:2: 1138 daAuts
     D:9: 1063 daAuts
    D:10: 1060 daAuts
    D:12: 1034 daAuts
    D:14: 1010 daAuts
  Lair:4: 976 daAuts
     D:4: 932 daAuts
